 Dungeon Crawl Stone Soup version 0.22.1-2-g9c5b331383 (webtiles) character file.

174 teleborian the Slasher (level 5, -4/42 HPs)
             Began as a Demonspawn Monk on Jan 7, 2019.
             Shot with an arrow by a centaur (6 damage)
             ... on level 5 of the Dungeon.
             The game lasted 00:04:39 (2120 turns).

teleborian the Slasher (Demonspawn Monk)            Turns: 2120, Time: 00:04:40

Health: -4/42      AC:  3    Str: 13    XL:     5   Next: 28%
Magic:  5/5        EV: 13    Int: 11    God:
Gold:   74         SH:  0    Dex: 15    Spells: 4/4 levels left

rFire    . . .     SeeInvis .   a - +0 falchion
rCold    . . .     Gourm    .   (no shield)
rNeg     . . .     Faith    .   o - +0 leather armour
rPois    .         Spirit   .   (helmet restricted)
rElec    .         Reflect  .   h - scarf {cloud immunity}
rCorr    .         Harm     .   (no gloves)
MR       .....                  (no boots)
Stlth    ++........             (no amulet)
HPRegen  0.14/turn              (no ring)
MPRegen  0.09/turn              (no ring)

@: no status effects
A: antennae 1, spiny 1
a: no special abilities


You were on level 5 of the Dungeon.
You were hungry.

You visited 1 branch of the dungeon, and saw 4 of its levels.

You collected 74 gold pieces.

Inventory:

Hand Weapons
 a - a +0 falchion (weapon)
Armour
 b - a +0 robe
 h - a scarf of cloud immunity (worn)
 o - a +0 leather armour (worn)
Wands
 k - a wand of acid (4)
Scrolls
 d - 4 scrolls of remove curse {unknown}
 i - 2 scrolls of noise {unknown}
 j - a scroll of immolation {unknown}
 l - a scroll of enchant weapon {unknown}
 m - a scroll of amnesia {unknown}
 n - a scroll of fog {unknown}
 p - a scroll of teleportation {unknown}
Potions
 e - a potion of degeneration {unknown}
 f - a potion of flight {unknown}
 g - a potion of mutation {unknown}
Comestibles
 c - 4 rations


   Skills:
 * Level 3.8 Fighting
 * Level 4.4 Long Blades
 + Level 0.2 Armour
 + Level 3.1 Dodging
 + Level 2.3 Stealth


You had 4 spell levels left.
You didn't know any spells.
Your spell library was empty.

Dungeon Overview and Level Annotations

Branches:
Dungeon (3/15)

Altars:
Elyvilon
Hepliaklqana
Kikubaaqudgha
Nemelex Xobeh

Annotations:
D:3 3 runed doors, Crag's ghost, amateur DEAE; haesbaert's ghost, amateur HuCj


Innate Abilities, Weirdness & Mutations

You have a pair of small antennae on your head.
You are partially covered in sharp spines.


Message History

You barely miss the worker ant.
The centaur shoots an arrow.
The arrow hits you.
The worker ant is struck by your spines.
The worker ant closely misses you. The worker ant misses you.
The centaur shoots an arrow.
The arrow closely misses you.
The orc throws a tomahawk.
The tomahawk closely misses you.
The worker ant is struck by your spines.
The worker ant closely misses you.
You riposte.
You hit the worker ant.
The worker ant is severely wounded.
The centaur shoots an arrow.
The arrow hits you!
The worker ant is struck by your spines.
You kill the worker ant!
You see here an arrow.
The centaur shoots an arrow.
The arrow closely misses you.
The centaur shoots an arrow.
The arrow hits you!
* * * LOW HITPOINT WARNING * * *
x2 You see here 2 arrows.
The centaur shoots an arrow.
The arrow hits you.
You die...

# #. ..## #.# ...##
##..#######.#..# ...
..........## ..
#.....c....# #.
#(.........#
######.##..).......#
.......@((o(o......#
#########.o..o.....#
#(...)?....#
#..........#
#..........#
#..........#
#.........%#
############


You could see a centaur, an orc wizard and 3 orcs.

Vanquished Creatures
  An orc wizard (D:3)
  A worker ant (D:5)
  5 adders
  An ooze (D:1)
  A worm (D:2)
  A dart slug (D:3)
  A leopard gecko (D:2)
  6 orcs
  11 bats
  2 bat zombies (D:2)
  A giant cockroach (D:1)
  6 goblins
  5 hobgoblins
  3 kobolds
  3 quokkas
  4 frilled lizards (D:1)
  10 rats
  5 rat zombies (D:2)
67 creatures vanquished.

Vanquished Creatures (others)
  A withered plant (D:3)
1 creature vanquished.

Grand Total: 68 creatures vanquished

Notes
Turn   | Place    | Note
-------+----------+-------------------------------------------
     0 | D:1      | teleborian the Demonspawn Monk began the quest for the Orb.
     0 | D:1      | Reached XP level 1. HP: 18/18 MP: 1/1
   240 | D:1      | Reached skill level 3 in Long Blades
   254 | D:1      | Gained mutation: You are partially covered in sharp spines.
                  | [demonic ancestry]
   254 | D:1      | Reached XP level 2. HP: 13/24 MP: 2/2
   414 | D:1      | Found a sparkling altar of Nemelex Xobeh.
   795 | D:1      | Gained mutation: You have a pair of small antennae on your
                  | head. [demonic ancestry]
   795 | D:1      | Reached XP level 3. HP: 29/29 MP: 3/3
  1072 | D:2      | Found an ancient bone altar of Kikubaaqudgha.
  1134 | D:2      | Found a white marble altar of Elyvilon.
  1264 | D:2      | Reached XP level 4. HP: 28/35 MP: 4/4
  1719 | D:2      | Found a hazy altar of Hepliaklqana.
  1731 | D:2      | Reached skill level 4 in Long Blades
  1925 | D:3      | Reached XP level 5. HP: 27/42 MP: 5/5
  1970 | D:3      | Found a runed gate.
  1975 | D:3      | Found a runed gate.
  1975 | D:3      | Found a runed gate.
  1975 | D:3      | Noticed Crag's ghost (amateur DEAE)
  1977 | D:3      | Noticed haesbaert's ghost (amateur HuCj)
  2114 | D:3      | You fall through a shaft for 2 floors!
  2114 | D:5      | Entered Level 5 of the Dungeon
  2114 | D:5      | Noticed a centaur
  2119 | D:5      | HP: 2/42 [centaur/arrow (4)]
  2120 | D:5      | Shot with an arrow by a centaur

Skill      XL: |  1  2  3  4 |
---------------+-------------+-----
Long Blades    | 3 4 |  4.4
Stealth        | 2 |  2.3
Dodging        | 3 |  3.1
Fighting       | |  3.8
Armour         | |  0.2

Action                   |  1- 3 |  4- 6 || total
-------------------------+-------+-------++-------
Melee: Falchion          |    91 |    52 ||   143
 Stab: Sleeping          |     8 |     1 ||     9
  Eat: Chunk             |     1 |     2 ||     3
Armor: Robe              |    20 |     1 ||    21
       Leather armour    |       |     9 ||     9
Dodge: Dodged            |    64 |    39 ||   103
       Rpst.: Falchion   |    21 |    11 ||    32
